 Dungeon Crawl Stone Soup version 0.29.1-12-g30fa7ad0bf (webtiles) character file.

Game seed: 17821101175240173619

130 nightchill the Grave Robber (level 4, -4/33 HPs)
             Began as a Vampire Necromancer on Jan 3, 2023.
             Slain by Duvessa
             ... wielding a +0 short sword
              (7 damage)
             ... on level 4 of the Dungeon.
             The game lasted 00:14:02 (2636 turns).

nightchill the Grave Robber (Vampire Necromancer)   Turns: 2636, Time: 00:14:02

Health: -4/33      AC:  2    Str:  7    XL:     4   Next: 89%
Magic:  7/8        EV: 13    Int: 19    God:
Gold:   251        SH:  0    Dex: 26    Spells: 0/8 levels left

rFire   . . .      SeeInvis +   a - +0 dagger
rCold   . . .      Faith    .   (no shield)
rNeg    . . .      Spirit   .   o - +0 robe
rPois   .          Reflect  .   (no helmet)
rElec   .          Harm     .   (no cloak)
rCorr   .          Rampage  .   (no gloves)
Will    .....                   (no boots)
Stlth   +++.......              (no amulet)
HPRegen 0.31/turn               n - +6 ring of dexterity
MPRegen 0.11/turn               t - +6 ring of dexterity

@: healing quickly
A: alive, fangs 3, see invisible, vampiric 2
a: Exsanguinate


You were on level 4 of the Dungeon.
You visited 1 branch of the dungeon, and saw 4 of its levels.

You collected 251 gold pieces.

Inventory:

Hand Weapons
 a - a +0 dagger (weapon)
 b - a +0 sling
 e - a +0 whip
 k - a +0 short sword
Missiles
 f - 10 stones
 q - 13 poisoned darts
Armour
 o - a +0 robe (worn)
Jewellery
 n - a +6 ring of dexterity (left hand)
 t - a +6 ring of dexterity (right hand)
 v - a ring of fire
Scrolls
 c - a scroll of acquirement {unknown}
 d - a scroll of fear {unknown}
 h - 6 scrolls of identify {unknown}
 i - a scroll of noise {unknown}
 r - 2 scrolls of teleportation {unknown}
 s - a scroll of poison {unknown}
Potions
 g - 3 potions of ambrosia {unknown}
 j - a potion of curing
 l - a potion of haste {unknown}
 m - a potion of attraction {unknown}
 p - a potion of resistance {unknown}
 u - a potion of flight {unknown}
 x - a potion of heal wounds {unknown}


   Skills:
 + Level 1.8 Fighting
 - Level 2.1 Dodging
 - Level 3.0 Stealth
 + Level 2.9 Spellcasting
 * Level 5.8 Necromancy


You couldn't memorise any spells.
You knew the following spells:

 Your Spells              Type           Power      Damage    Failure   Level
a - Necrotise             Necr           96%        1d8       1%          1
b - Vampiric Draining     Necr           24%        2d7       4%          3
c - Animate Dead          Necr           24%        N/A       14%         4

Your spell library contained the following spells:

 Spells                   Type           Power      Damage    Failure   Level
 Agony                    Necr           24%        N/A       36%         5
 Borgnjor's Vile Clutch   Necr/Erth      6%         N/A       78%         5
 Alistair's Intoxication  Tmut/Pois      1%         N/A       99%         5
 Eringya's Noxious Bog    Tmut/Pois      1%         N/A       100%        6


Dungeon Overview and Level Annotations

Branches:
Dungeon (4/15)
 Temple: D:4-7

Altars:

Annotations:
D:3 exclusions: downstairs and orc, Sigmund
D:4 Dowan, Duvessa, Pikel


Innate Abilities, Weirdness & Mutations

Your natural rate of healing is accelerated.
You have razor-sharp teeth.
You have supernaturally acute eyesight. (SInv)
You are afflicted with vampirism and can become a bat while bloodless.


Message History

Okay, then.
Casting: Necrotise (safe; 1% risk of failure)
Confirm with . or Enter, or press ? or * to list all spells.
You don't have enough magic to cast this spell.
It was a potion of curing.
You feel better. Duvessa barely misses you.
You closely miss Duvessa.
Duvessa is moderately wounded.
Duvessa misses you. Duvessa attacks as you move away!
Duvessa closely misses you.
There is an escape hatch in the floor here.
Duvessa attacks as you move away! Duvessa hits you with a +0 short sword.
Duvessa attacks as you move away! Duvessa hits you with a +0 short sword.
* * * LOW HITPOINT WARNING * * *
You hit Duvessa.
Duvessa is moderately wounded.
Duvessa gestures with her weapon.
Duvessa closely misses you.
Casting: Necrotise (safe; 1% risk of failure)
Confirm with . or Enter, or press ? or * to list all spells.
Aiming: Necrotise (safe; 1% risk of failure)
Press: ? - help, Shift-Dir - straight line, f/p - Duvessa
Aim: Duvessa, wielding a +0 short sword and wearing a +3 chain mail of willpower (moderately wounded, chance to affect: 34%) Duvessa easily resists.
Duvessa barely misses you.
Casting: Necrotise (safe; 1% risk of failure)
Confirm with . or Enter, or press ? or * to list all spells.
Aiming: Necrotise (safe; 1% risk of failure)
Press: ? - help, Shift-Dir - straight line, f/p - Duvessa
Aim: Duvessa, wielding a +0 short sword and wearing a +3 chain mail of willpower (moderately wounded, chance to affect: 34%) Duvessa easily resists.
Duvessa hits you with a +0 short sword!
* * * LOW HITPOINT WARNING * * *
Unknown command.
Magic courses through your body. Duvessa hits you with a +0 short sword.
* * * LOW HITPOINT WARNING * * *
Casting: Necrotise (safe; 1% risk of failure)
Confirm with . or Enter, or press ? or * to list all spells.
Aiming: Necrotise (safe; 1% risk of failure)
Press: ? - help, Shift-Dir - straight line, f/p - Duvessa
Aim: Duvessa, wielding a +0 short sword and wearing a +3 chain mail of willpower (moderately wounded, chance to affect: 34%) Duvessa writhes in agony!
Duvessa hits you with a +0 short sword!
You die...

#.......# <......# ......#
..... ####### .... #.....#
..# #.###.## ####.#
#...<..#
#..#.###############.##
##+#......)..>ee@........#
.e....#.##################
......#.# .....##.#
[.......# .......##
.......# #+##...# #...#


You could see Duvessa and Dowan.

Vanquished Creatures
  Natasha (D:2)
  4 adders
  An ufetubus (D:4)
  A worm (D:3)
  An orc (D:4)
  6 endoplasms
  3 giant cockroaches
  5 goblins
  6 hobgoblins
  7 kobolds
  2 quokkas
  2 ball pythons
  8 bats
  3 frilled lizards
  6 rats
56 creatures vanquished.

Vanquished Creatures (collateral kills)
  3 endoplasms
  A rat (D:1)
4 creatures vanquished.

Grand Total: 60 creatures vanquished

Notes
Turn   | Place    | Note
-------+----------+-------------------------------------------
     0 | D:1      | nightchill the Vampire Necromancer began the quest for the
                  | Orb.
     0 | D:1      | Reached XP level 1. HP: 13/13 MP: 3/3
   281 | D:1      | Reached XP level 2. HP: 20/20 MP: 0/5
   650 | D:1      | Reached skill level 1 in Fighting
   692 | D:1      | Reached skill level 5 in Necromancy
   800 | D:1      | Gained mutation: You are afflicted with vampirism and can
                  | become a bat while bloodless. [Vampire growth]
   800 | D:1      | Reached XP level 3. HP: 26/26 MP: 6/6
   903 | D:1      | Learned a level 3 spell: Vampiric Draining
  1772 | D:3      | Noticed Natasha
  1785 | D:2      | Killed Natasha
  1786 | D:2      | Reached XP level 4. HP: 32/32 MP: 2/7
  2185 | D:3      | Learned a level 4 spell: Animate Dead
  2251 | D:3      | Found a faded altar of an unknown god.
  2253 | D:3      | Noticed Sigmund
  2438 | D:4      | Noticed an ogre
  2444 | D:4      | Noticed a lemure
  2446 | D:4      | Noticed Pikel
  2447 | D:4      | Noticed a lemure
  2595 | D:4      | Noticed Dowan
  2596 | D:4      | Noticed Duvessa
  2636 | D:4      | Slain by Duvessa

Illustrated notes

Levels and vault maps discovered:
D:1:      dpeg_arrival_short_road, layout_basic
D:2:      layout_loops_ring
D:3:      layout_rooms, ebering_ecumenical_altar_petrified, grunt_ministairs_8,
          uniq_natasha, uniq_sigmund
D:4:      layout_basic, okawaru_gym_becter, uniq_duvessa, uniq_ijyb, uniq_pikel

Skill      XL: |  1  2 |
---------------+-------+-----
Fighting       | 1 |  1.8
Necromancy     | 5 |  5.8
Dodging        | |  2.1
Stealth        | |  3.0
Spellcasting   | |  2.9

Action                   |  1- 3 |  4- 6 || total
-------------------------+-------+-------++-------
Melee: Unarmed           |     8 |       ||     8
       Bite              |     3 |       ||     3
       Short sword       |     7 |       ||     7
       Dagger            |     7 |    35 ||    42
       Punch             |       |     2 ||     2
 Fire: Sling             |       |     3 ||     3
 Cast: Necrotise         |    50 |    21 ||    71
       Vampiric Draining |       |     3 ||     3
  Use: Potion            |       |     2 ||     2
 Stab: Sleeping          |     8 |     5 ||    13
Armor: Robe              |    10 |     6 ||    16
Dodge: Dodged            |    19 |    29 ||    48
